 Dungeon Crawl Stone Soup version 0.28-a0-381-g937acc2988 (webtiles) character file.

Game seed: 12869783490876591751

776 porpoise the Skirmisher (level 8, -10/67 HPs)
             Began as a Human Wanderer on Sept 1, 2021.
             Killed from afar by Maggie (18 damage)
             ... with a bolt of fire
             ... on level 9 of the Dungeon.
             The game lasted 00:25:03 (5364 turns).

porpoise the Skirmisher (Human Wanderer)            Turns: 5364, Time: 00:25:04

Health: -10/67     AC:  8    Str: 13      XL:     8   Next: 10%
Magic:  8/8        EV: 10    Int:  7 (10) God:
Gold:   132        SH:  7    Dex: 16 (17) Spells: 7/7 levels left

rFire   . . .      SeeInvis .   w - +2 hand crossbow
rCold   . . .      Faith    .   l - +2 buckler {rPois}
rNeg    . . .      Spirit   .   c - +0 ring mail
rPois   +          Reflect  .   (no helmet)
rElec   .          Harm     .   (no cloak)
rCorr   .          Rampage  .   A - +1 pair of gloves {archery}
Will    .....                   h - +0 pair of boots
Stlth   +.........              (no amulet)
HPRegen 0.21/turn               m - ring of flight
MPRegen 0.11/turn               (no ring)

@: flying, mesmerised
A: no striking features
a: no special abilities


You were on level 9 of the Dungeon.
You visited 1 branch of the dungeon, and saw 8 of its levels.

You collected 151 gold pieces.
You spent 19 gold pieces at shops.

Inventory:

Hand Weapons
 a - a +0 short sword
 b - a +0 hunting sling
 t - a +0 war axe
 w - a +2 hand crossbow (weapon)
Missiles
 e - 2 boomerangs
 f - 21 bolts (quivered ammo)
 g - 130 stones
 j - 76 arrows
 n - 39 poisoned darts
 u - 7 silver javelins
 x - 4 javelins
Armour
 c - a +0 ring mail (worn)
 h - a +0 pair of boots (worn)
 l - a +2 buckler of poison resistance (worn)
 A - a +1 pair of gloves of archery (worn)
Jewellery
 m - a ring of flight (left hand)
 z - a ring of ice
Scrolls
 d - a scroll of teleportation
 o - a scroll of torment
 p - a scroll of vulnerability {unknown}
 r - a scroll of blinking {unknown}
 v - a scroll of immolation {unknown}
 y - a scroll of identify {unknown}
Potions
 k - a potion of ambrosia


   Skills:
 - Level 7.0 Fighting
 + Level 5.9 Crossbows
 - Level 1.0 Throwing
 - Level 1.0 Armour
 - Level 1.0 Dodging
 + Level 3.4 Shields


You had 7 spell levels left.
You didn't know any spells.
Your spell library was empty.

Dungeon Overview and Level Annotations

Branches:
Dungeon (9/15)
 Temple: D:4-7         Lair: D:8-11         Orc: D:9-12

Altars:
Zin

Shops:
D:1 (   D:7 *

Annotations:
D:9 Maggie


Message History

Fire: 27 bolts
Press: ? - help, Q - select action, (/) - cycle Shift-Dir - straight line, f/p - Maggie
Aim: Maggie, wielding a +0 long sword and wearing +0 steam dragon scales (severely wounded, mesmerising, 73% to hit)
You shoot a bolt.
The bolt hits Maggie but does no damage.
Maggie is severely wounded.
Maggie hits you with a +0 long sword.
* * * LOW HITPOINT WARNING * * *
Fire: 26 bolts
Press: ? - help, Q - select action, (/) - cycle Shift-Dir - straight line, f/p - Maggie
Aim: Maggie, wielding a +0 long sword and wearing +0 steam dragon scales (severely wounded, mesmerising, 73% to hit)
You shoot a bolt. The bolt barely misses Maggie.
Maggie closely misses you.
Fire: 25 bolts
Press: ? - help, Q - select action, (/) - cycle Shift-Dir - straight line, f/p - Maggie
Aim: Maggie, wielding a +0 long sword and wearing +0 steam dragon scales (severely wounded, mesmerising, 73% to hit)
You shoot a bolt. The bolt hits Maggie.
Maggie is severely wounded.
You block Maggie's attack.
Fire: 24 bolts
Press: ? - help, Q - select action, (/) - cycle Shift-Dir - straight line, f/p - Maggie
Aim: Maggie, wielding a +0 long sword and wearing +0 steam dragon scales (severely wounded, mesmerising, 73% to hit)
You shoot a bolt. The bolt barely misses Maggie.
Maggie hits you with a +0 long sword.
* * * LOW HITPOINT WARNING * * *
Maggie barely misses you.
Fire: 23 bolts
Press: ? - help, Q - select action, (/) - cycle Shift-Dir - straight line, f/p - Maggie
Aim: Maggie, wielding a +0 long sword and wearing +0 steam dragon scales (severely wounded, mesmerising, 73% to hit)
You shoot a bolt. The bolt closely misses Maggie.
Maggie mumbles some strange words.
Maggie draws you further into her thrall.
Fire: 22 bolts
Press: ? - help, Q - select action, (/) - cycle Shift-Dir - straight line, f/p - Maggie
Aim: Maggie, wielding a +0 long sword and wearing +0 steam dragon scales (severely wounded, mesmerising, 73% to hit)
You shoot a bolt. The bolt hits Maggie!
Maggie is almost dead.
Maggie casts a spell at you. The bolt of fire hits you!!
You die...

. .. #. #..#.
..
...#########..
#..@........
#..@.# ......
#....##..#...
#...........
##..........#
#.#.....#..#
#.#..#.....#
#......##+#
####'###
#.....#


You could see Maggie (mesmerising).

Vanquished Creatures
  A komodo dragon (D:7)
  An orc warrior (D:7)
  A black bear (D:3)
  An ogre (D:3)
  A scorpion (D:4)
  An orc priest (D:3)
  An orc wizard (D:7)
  4 gnolls (D:2)
  A howler monkey skeleton (D:7)
  2 adders (D:3)
  A white imp (D:7)
  4 worms
  A dart slug (D:2)
  5 orcs
  10 bats
  7 endoplasms
  2 giant cockroaches
  4 goblins
  3 hobgoblins (D:1)
  7 jackals
  A quokka (D:4)
  8 ball pythons
  10 frilled lizards
  8 kobolds
  4 rats
89 creatures vanquished.

Notes
Turn   | Place    | Note
-------+----------+-------------------------------------------
     0 | D:1      | porpoise the Human Wanderer began the quest for the Orb.
     0 | D:1      | porpoise set off with the following items: a +2 hand
                  | crossbow, 24 bolts, a +0 ring mail, a scroll of
                  | teleportation
     0 | D:1      | Reached XP level 1. HP: 21/21 MP: 1/1
   277 | D:1      | Reached XP level 2. HP: 27/27 MP: 2/2
  1038 | D:1      | Found Xuahuolu's Weapon Emporium.
  1087 | D:1      | Found a faded altar of an unknown god.
  1093 | D:1      | Reached XP level 3. HP: 33/33 MP: 3/3
  1743 | D:2      | Reached XP level 4. HP: 35/39 MP: 4/4
  1960 | D:1      | Bought a +0 hunting sling for 19 gold pieces
  2853 | D:3      | Noticed an ogre
  2860 | D:3      | Killed an ogre
  2861 | D:3      | Reached skill level 6 in Fighting
  2861 | D:3      | Reached XP level 5. HP: 46/46 MP: 5/5
  3081 | D:3      | Reached XP level 6. HP: 53/53 MP: 6/6
  4357 | D:4      | Noticed a black bear
  4370 | D:3      | Killed a black bear
  4371 | D:3      | Reached skill level 7 in Fighting
  4371 | D:3      | Reached XP level 7. HP: 46/60 MP: 7/7
  4957 | D:4      | You are sucked into a shaft and drop 1 floor!
  4957 | D:5      | Entered Level 5 of the Dungeon
  5041 | D:5      | You are sucked into a shaft and drop 3 floors!
  5042 | D:8      | Identified 2 scrolls of acquirement
  5042 | D:8      | Acquired a +1 pair of gloves of archery
  5049 | D:8      | Acquired a +2 buckler of poison resistance
  5160 | D:7      | Reached skill level 5 in Crossbows
  5240 | D:7      | Noticed a komodo dragon
  5251 | D:7      | Killed a komodo dragon
  5252 | D:7      | Reached XP level 8. HP: 61/67 MP: 8/8
  5303 | D:7      | Found Zin's Purification Station.
  5306 | D:7      | Found a glowing silver altar of Zin.
  5334 | D:7      | You are sucked into a shaft and drop 2 floors!
  5345 | D:8      | Noticed Maggie
  5364 | D:9      | Killed from afar by Maggie

Illustrated notes

Levels and vault maps discovered:
D:1:      dpeg_arrival_concentric_ovals, layout_basic, serial_shops, shop,
          hellmonk_ecumenical_altar_pennies_from_heaven,
          minmay_stone_trees_medium
D:2:      layout_basic, minmay_lizard_pond
D:3:      layout_loops_cross
D:4:      layout_loops_ring
D:5:      layout_basic, uniq_edmund
D:7:      layout_loops_ring, zin_purify, minmay_temple_entry_tees
D:8:      layout_loops_ring, kennysheep_kite_vault, uniq_erica, uniq_maggie
D:9:      layout_stronghold, serial_shops, shop, glass_columns_b, uniq_harold

Skill      XL: |  1  2  3  4  5  6  7 |
---------------+----------------------+-----
Crossbows      | 2 3 4 5 |  5.9
Fighting       | 6 7 |  7.0
Shields        | 3 |  3.4
Throwing       | |  1.0
Armour         | |  1.0
Dodging        | |  1.0

Action                   |  1- 3 |  4- 6 |  7- 9 || total
-------------------------+-------+-------+-------++-------
Melee: Short sword       |    68 |    35 |    27 ||   130
       Unarmed           |     8 |       |       ||     8
 Fire: Hand crossbow     |    21 |    39 |    30 ||    90
       Hunting sling     |       |    74 |    17 ||    91
Throw: Dart              |       |       |     2 ||     2
  Use: Scroll            |     1 |       |     2 ||     3
       Potion            |       |     1 |     4 ||     5
Armor: Ring mail         |    37 |    31 |    14 ||    82
       Skin              |       |       |     3 ||     3
Dodge: Dodged            |    56 |    39 |    18 ||   113
Block: Buckler           |       |       |    10 ||    10

Table legend: (Time is in decaauts)
 A = Elapsed time spent in this place.
 B = Non-inter-level travel time spent in this place.
 C = Inter-level travel time spent in this place.
 D = Time resting spent in this place.
 E = Time spent auto-exploring this place.
 F = Levels seen in this place.
 G = Mean time per level.
                   A        B        C        D        E       F      G
               +--------+--------+--------+--------+--------+-----+--------+
         Total |   5374 |   5270 |    104 |   1722 |   2684 |   8 |  671.8 |
       Dungeon |   5374 |   5270 |    104 |   1722 |   2684 |   8 |  671.8 |
               +--------+--------+--------+--------+--------+-----+--------+

Top non-repeatable levels by time:
     D:2: 1462 daAuts
     D:1: 1330 daAuts
     D:3: 1250 daAuts
     D:4: 917 daAuts
     D:7: 276 daAuts
     D:5: 83 daAuts
     D:9: 29 daAuts
     D:8: 24 daAuts
